Map: Site Delta LE

Players

NAVISpirit (souL) - Winner!

  • Race: Terran Terran
  • League: Master
  • Spawn Location: 5:00

ShoWTimE

  • Race: Protoss Protoss
  • League: Master
  • Spawn Location: 11:00

VOD

Have the link to the VOD?

Description

Time

  • Played on: Dec. 28, 2023, 7:30 a.m.
  • Length: 9:59
Show
View Real Time Build Order
Export as new Build Order

NAVISpirit Terran - Winner!

Build Orders:  

Get SALT Encoding   

  12  0:00  SCV  
  13  0:12  SCV  
  14  0:17  Supply Depot  
  14  0:24  SCV  
  15  0:38  SCV  
  15  0:40  Barracks  
  16  0:43  Refinery  
  16  0:50  SCV  
  17  1:02  SCV  
  18  1:15  SCV  
  19  1:28  Orbital Command, Marine  
  20  1:45  Command Center  
  20  1:53  Factory  
  20  1:56  SCV  
  20  2:00  Refinery  
  21  2:04  Barracks Reactor  
  21  2:09  Supply Depot  
  21  2:13  SCV  
  22  2:25  SCV  
  23  2:37  SCV  
  28  2:44  Starport, Hellion x2  
  28  2:49  SCV  
  29  2:56  Orbital Command  
  29  3:01  SCV  
  34  3:05  Widow Mine x2  
  34  3:13  SCV  
  35  3:20  Medivac  
  35  3:23  SCV  
  35  3:26  Supply Depot, SCV  
  39  3:27  Widow Mine  
  39  3:30  Widow Mine  
  39  3:32  Barracks Tech Lab  
  43  3:36  SCV  
  43  3:39  SCV  
  43  3:41  Supply Depot  
  45  3:48  SCV  
  46  3:51  SCV  
  46  3:54  Starport Tech Lab  
  47  4:00  SCV  
  47  4:01  Barracks  
  48  4:03  SCV  
  48  4:04  Siege Tank  
  48  4:07  Marine  
  48  4:09  Bunker  
  53  4:12  SCV  
  53  4:13  Raven  
  53  4:15  SCV  
  57  4:18  Marine  
  58  4:24  Marine  
  58  4:30  SCV  
  58  4:31  SCV  
  59  4:36  Siege Tank, Marine  
  61  4:42  SCV  
  61  4:44  Refinery x2  
  62  4:47  SCV, Marine  
  60  4:54  SCV, Marine  
  60  4:56  Barracks  
  60  4:59  Engineering Bay  
  62  5:00  Barracks  
  62  5:01  Barracks  
  62  5:08  Supply Depot  
  62  5:09  SCV x2, Marine, Marauder  
  62  5:10  Supply Depot  
  67  5:15  Stimpack  
  67  5:18  Marine  
  66  5:21  SCV x2  
  66  5:26  Starport Reactor  
  68  5:29  Siege Tank  
  68  5:33  Supply Depot, SCV x2  
  72  5:45  SCV x2  
  74  5:52  Marine, Marauder  
  74  5:56  Barracks Tech Lab, Barracks Reactor  
  71  5:57  SCV x2  
  71  6:01  Supply Depot, Terran Infantry Weapons Level 1  
  71  6:02  Supply Depot  
  73  6:07  Combat Shield  
  73  6:08  Marine x2  
  73  6:09  Factory Reactor  
  73  6:11  Marine  
  76  6:14  Marine, Missile Turret, Marauder  
  79  6:19  Medivac  
  79  6:21  Medivac  
  83  6:26  Marine, Marauder  
  83  6:28  Supply Depot  
  83  6:29  Marine  
  87  6:33  Marine  
  87  6:34  Marine x2  
  87  6:35  Marauder  
  92  6:43  Marine  
  92  6:45  Supply Depot  
  92  6:46  Widow Mine  
  95  6:48  Marauder  
  95  6:49  Widow Mine  
  95  6:50  Medivac  
  95  6:52  Marauder  
  103  6:54  Medivac  
  103  6:55  Marine  
  103  6:57  Marine, Marauder  
  109  7:02  Marine  
  109  7:06  Supply Depot, Marine  
  111  7:09  Marauder  
  111  7:10  Supply Depot  
  111  7:14  Marauder  
  115  7:16  Marine  
  115  7:19  Marauder  
  118  7:27  Marine x3  
  118  7:28  Medivac x2  
  125  7:32  Marauder  
  125  7:33  Widow Mine  
  125  7:34  Marine x2  
  125  7:36  Supply Depot  
  131  7:39  Marine  
  130  7:45  Marine  
  130  7:50  Marine  
  131  7:51  Marine  
  131  7:52  Marine  
  131  7:53  Marauder  
  131  7:54  Marauder  
  133  7:58  Marauder, Medivac x2  
  133  8:03  Marine  
  132  8:08  Marine  
  131  8:14  Marine, Marauder  
  131  8:15  Marauder  
  131  8:16  Marine  
  131  8:19  Marauder  
  134  8:21  Marine  
  134  8:26  Marine  
  133  8:28  Medivac  
  133  8:32  Marine  
  133  8:34  Marine  
  133  8:36  Marine, Marauder  
  137  8:41  Medivac  
  137  8:43  Marine, Missile Turret, Marauder  
  142  8:53  Marine  
  142  9:04  Widow Mine  
  142  9:06  Marauder  
  142  9:12  Marine x2  
  142  9:20  Marine x2  
  142  9:26  Widow Mine x2  
  142  9:27  Marauder x2  
  142  9:32  Marine, Marauder  
Show
View Real Time Build Order
Export as new Build Order

ShoWTimE Protoss 

Build Orders: 1 Gate Expand, Phoenix Opening, Blink Stalkers 

Get SALT Encoding   

  12  0:00  Probe  
  13  0:12  Probe  
  14  0:17  Pylon  
  14  0:24  Probe (Chrono Boost)  
  15  0:35  Gateway  
  15  0:36  Probe (Chrono Boost)  
  16  0:44  Probe (Chrono Boost)  
  16  0:45  Assimilator  
  17  0:51  Probe  
  18  1:03  Probe  
  19  1:15  Probe  
  20  1:22  Nexus  
  20  1:30  Cybernetics Core  
  20  1:34  Probe  
  20  1:39  Assimilator  
  21  1:46  Probe  
  22  1:49  Pylon  
  22  1:58  Probe  
  23  2:04  Adept (Chrono Boost)  
  23  2:07  Warp Gate  
  25  2:10  Probe  
  26  2:22  Probe (Chrono Boost)  
  27  2:26  Sentry (Chrono Boost)  
  29  2:33  Probe (Chrono Boost)  
  29  2:36  Twilight Council  
  31  2:40  Probe (Chrono Boost)  
  31  2:43  Stalker, Probe (Chrono Boost)  
  32  2:47  Probe (Chrono Boost)  
  32  2:48  Probe (Chrono Boost)  
  32  2:50  Phoenix  
  36  2:55  Gateway  
  36  2:58  Probe  
  36  3:00  Probe  
  38  3:06  Blink (Chrono Boost)  
  38  3:10  Gateway, Probe  
  38  3:12  Probe  
  40  3:22  Stalker  
  40  3:23  Probe  
  40  3:24  Probe  
  44  3:28  Pylon  
  44  3:35  Probe  
  44  3:36  Probe  
  46  3:43  Robotics Facility  
  46  3:47  Assimilator, Probe  
  47  3:48  Probe  
  47  3:51  Pylon  
  48  3:58  Stalker  
  48  4:00  Stalker  
  48  4:01  Probe  
  53  4:04  Pylon, Probe  
  54  4:11  Stalker  
  54  4:13  Probe  
  54  4:16  Probe  
  58  4:18  Pylon  
  57  4:25  Probe  
  55  4:34  Probe  
  55  4:38  Stalker x3  
  54  4:39  Probe  
  55  4:48  Probe (Chrono Boost)  
  55  4:51  Probe (Chrono Boost)  
  55  4:58  Observer  
  57  5:02  Probe (Chrono Boost)  
  57  5:03  Probe (Chrono Boost)  
  57  5:07  Probe (Chrono Boost)  
  58  5:09  Nexus  
  58  5:10  Probe  
  60  5:15  Stalker  
  60  5:18  Probe (Chrono Boost)  
  60  5:20  Observer  
  60  5:21  Pylon  
  64  5:25  Stalker  
  64  5:26  Probe (Chrono Boost)  
  67  5:30  Probe (Chrono Boost)  
  69  5:37  Probe x2 (Chrono Boost)  
  69  5:38  Stalker  
  72  5:44  Probe  
  72  5:47  Probe (Chrono Boost)  
  72  5:48  Stalker  
  75  5:56  Probe (Chrono Boost)  
  76  5:58  Observer  
  76  5:59  Charge  
  76  6:00  Pylon  
  76  6:01  Stalker  
  79  6:04  Probe (Chrono Boost)  
  79  6:06  Probe (Chrono Boost)  
  79  6:09  Stalker  
  83  6:11  Probe x2 (Chrono Boost)  
  83  6:13  Gateway  
  84  6:22  Stalker, Probe  
  84  6:23  Probe x2  
  89  6:28  Stalker  
  89  6:30  Pylon  
  89  6:31  Shield Battery  
  91  6:33  Stalker  
  91  6:34  Probe  
  91  6:35  Probe  
  91  6:38  Probe  
  96  6:45  Nexus  
  96  6:49  Observer, Dark Shrine  
  96  6:54  Assimilator, Probe x3  
  98  7:00  Gateway  
  99  7:02  Gateway  
  99  7:03  Observer  
  99  7:11  Gateway  
  99  7:19  Gateway, Probe  
  99  7:20  Gateway, Probe x2  
  101  7:25  Zealot x4  
  109  7:32  Probe x3  
  112  7:37  Pylon  
  112  7:42  Pylon  
  112  7:44  Probe  
  113  7:46  Zealot x2  
  117  7:55  Probe x2  
  117  7:56  Probe  
  116  7:59  Stalker x4  
  120  8:07  Probe  
  118  8:18  Dark Templar  
  119  8:21  Pylon  
  119  8:22  Pylon  
  104  8:27  Zealot x3  
  104  8:28  Zealot x3  
  112  8:40  Probe  
  108  8:52  Probe  
  108  8:55  Dark Templar x3  
  113  8:56  Zealot x2  
  119  9:04  Zealot  
  118  9:18  Pylon  
  118  9:21  Zealot x2, Pylon  
  84  9:33  Zealot x4  
  85  9:40  Gateway, Nexus  
  85  9:42  Gateway  
  85  9:43  Zealot, Dark Templar x2  
Tags
 
Add a new tag
Caveats
  • Supply blocks, unpowered buildings, or Contaminate may cause inaccurate times.
  • Supply counts are checked every 10 seconds.